 Dungeon Crawl Stone Soup version 0.21-a0-405-gf2af9a1 (webtiles) character file.

456 Spoonicorn the Shield-Bearer (level 6, -3/56 HPs)
             Began as a Minotaur Fighter on Nov 1, 2017.
             Was an Initiate of Okawaru.
             Slain by Menkaure (7 damage)
             ... in an ossuary.
             The game lasted 00:09:57 (3168 turns).

Spoonicorn the Shield-Bearer (Minotaur Fighter)     Turns: 3168, Time: 00:09:58

Health: -3/56      AC:  7    Str: 22    XL:     6   Next: 77%
Magic:  5/5        EV:  9    Int:  6    God:    Okawaru [......]
Gold:   186        SH: 10    Dex:  9    Spells: 5/5 levels left

rFire    . . .     SeeInvis .   a - +0 rapier
rCold    . . .     Gourm    .   c - +0 shield
rNeg     . . .     Faith    .   b - +0 scale mail
rPois    .         Spirit   .   (helmet restricted)
rElec    .         Reflect  .   (no cloak)
rCorr    +         Harm     .   (no gloves)
MR       .....                  (no boots)
Stlth    ..........             A - amulet of regeneration
HPRegen  0.18/turn              q - ring of resist corrosion
MPRegen  0.09/turn              (no ring)

@: about to teleport
A: retaliatory headbutt, horns 2
a: Renounce Religion


You were in an ossuary.
You worshipped Okawaru.
Okawaru was noncommittal.
You were hungry.

You visited 2 branches of the dungeon, and saw 5 of its levels.
You also visited: Ossuary.

You collected 186 gold pieces.

Inventory:

Hand Weapons
 a - a +0 rapier (weapon)
Armour
 b - a +0 scale mail (worn)
 c - a +0 shield (worn)
Jewellery
 q - a ring of resist corrosion (left hand)
 A - an amulet of regeneration (around neck)
Wands
 v - a wand of acid (9/15)
 z - a wand of flame (11/48)
Scrolls
 g - a scroll of amnesia
 i - 2 scrolls of identify
 k - a scroll of magic mapping
 m - 2 scrolls of teleportation
 n - a scroll of enchant armour {unknown}
 p - 2 scrolls of recharging {unknown}
 r - a scroll of immolation {unknown}
 w - 3 scrolls of remove curse {unknown}
 x - a scroll of fog {unknown}
 y - 3 scrolls of enchant weapon {unknown}
Potions
 d - a potion of might
 e - 2 potions of haste {unknown}
 l - a potion of curing {unknown}
 o - a potion of agility {unknown}
 s - a potion of magic {unknown}
 t - a potion of heal wounds {unknown}
Comestibles
 f - 5 bread rations
 h - a meat ration
 j - 2 royal jellies
 u - 3 fruits


   Skills:
 + Level 5.0 Fighting
 + Level 4.7 Short Blades
 + Level 5.2 Armour
 + Level 2.3 Dodging
 + Level 5.3 Shields


You had 5 spell levels left.
You didn't know any spells.

Dungeon Overview and Level Annotations

Branches:
Dungeon (4/15)             Temple (1/1) D:4

Altars:
Ashenzari
Dithmenos
Elyvilon
Okawaru
Sif Muna
Trog
Yredelemnul
Zin
The Shining One

Annotations:
Ossuary Menkaure


Innate Abilities, Weirdness & Mutations

You reflexively headbutt those who attack you in melee.
You have a pair of horns on your head.


Message History

Menkaure calls on the powers of darkness!
Your body is wracked with pain!
* * * LOW HITPOINT WARNING * * *
You hit Menkaure but do no damage. Your headbutt misses Menkaure.
Menkaure is heavily damaged.
You are feeling hungry.
You hit Menkaure but do no damage.
Menkaure is heavily damaged.
You block Menkaure's attack. Menkaure hits you!
* * * LOW HITPOINT WARNING * * *
As you read the scroll labeled ESTIET HUXINE, it crumbles to dust.
You feel strangely unstable.
It was a scroll of teleportation.
Menkaure calls on the powers of darkness!
Your body is wracked with pain!
* * * LOW HITPOINT WARNING * * *
The mummy hits you but does no damage.
You hit Menkaure. You headbutt Menkaure!
Menkaure is almost destroyed.
Menkaure hits you!
You die...

....... ..# .......
#..# .?!/... #..#
!?$!?.. +..#
!$∩$M..########..#
??$??..#....#.#..#
.!!!...#....#M#..#
.......'.MMMM@+..#
.......#....###..#
################.#..#
#....#....#....'.#..#
#....#....#....#.'..#
#....#....#....###..#
#....#....#....#.#..#
####'#'#########.#..#
.#...#...#...#...#..#


You could see Menkaure and 4 mummies.

Vanquished Creatures
  A sky beast (D:3)
  An orc priest (D:4)
  3 orc wizards (D:4)
  Natasha (twice) (D:2 D:1)
  An ogre zombie (Ossuary)
  2 mummies (Ossuary)
  3 gnolls (D:2)
  4 adders
  An ooze (D:2)
  2 adder zombies (Ossuary)
  2 worms
  3 dart slugs
  2 leopard geckos
  2 orcs
  2 giant cockroaches
  6 goblins
  5 hobgoblins
  7 jackals
  A quokka (D:2)
  A ball python (D:1)
  6 bats
  3 frilled lizards
  A goblin zombie (Ossuary)
  7 kobolds
  4 kobold zombies (Ossuary)
  A quokka zombie (Ossuary)
  5 rats
78 creatures vanquished.

Notes
Turn   | Place    | Note
-------+----------+-------------------------------------------
     0 | D:1      | Spoonicorn the Minotaur Fighter began the quest for the Orb.
     0 | D:1      | Reached XP level 1. HP: 19/19 MP: 0/0
   204 | D:1      | Reached XP level 2. HP: 27/27 MP: 1/1
  1099 | D:2      | Reached XP level 3. HP: 10/33 MP: 2/2
  1322 | D:2      | Noticed Natasha
  1326 | D:2      | Killed Natasha
  1331 | D:2      | Reached skill level 1 in Dodging
  1352 | D:2      | Reached XP level 4. HP: 40/40 MP: 3/3
  1498 | D:2      | Noticed Natasha
  1677 | D:1      | Killed Natasha
  1917 | D:2      | Reached XP level 5. HP: 36/47 MP: 4/4
  2354 | D:3      | Noticed a sky beast
  2367 | D:3      | Killed a sky beast
  2367 | D:3      | Reached XP level 6. HP: 25/53 MP: 5/5
  2488 | D:3      | Found a white marble altar of Elyvilon.
  2489 | D:3      | Found a glowing silver altar of Zin.
  2490 | D:3      | Found a glowing golden altar of the Shining One.
  2649 | D:4      | Found a staircase to the Ecumenical Temple.
  2674 | Temple   | Entered the Ecumenical Temple
  2705 | Temple   | Became a worshipper of Warmaster Okawaru
  2782 | D:4      | Found a shadowy altar of Dithmenos.
  2796 | D:4      | Reached skill level 5 in Armour
  2796 | D:4      | Reached skill level 5 in Shields
  2826 | D:4      | Found a sand-covered staircase.
  2836 | Ossuary  | Entered an ossuary
  3081 | Ossuary  | Reached skill level 5 in Fighting
  3149 | Ossuary  | Noticed Menkaure
  3168 | Ossuary  | Slain by Menkaure

Vault maps used:
D:1:      lightli_molten_gateway, serial_co_window_serial, co_window_corner_a,
          co_window_cross_1, co_window_paths_a, co_window_corner_a,
          co_window_of_opportunity_a, co_window_of_opportunity_a,
          co_window_of_opportunity_a, co_window_paths_a, co_window_paths_b,
          co_window_broadway_c, co_window_of_opportunity_b, co_window_corner_ca,
          co_window_broadway_a, glass_columns_a, glass_columns_a,
          glass_columns_a, glass_columns_a, glass_columns_b, st_stairs_9,
          minmay_misc_feat_diagonals
D:2:      uniq_natasha
D:3:      good_gods_mini_temple, first_bread
D:4:      nicolae_dithmenos_shadow_blocks, temple_pool_b,
          nicolae_ossuary_entry_monument, minivault_25
Temple:   regret_index_temple_sphere_string
Ossuary:  ossuary_boxes_badplayer

Skill      XL: |  1  2  3  4  5  6 |
---------------+-------------------+-----
Shields        | 4 5 |  5.3
Fighting       | 4 5 |  5.0
Armour         | 4 5 |  5.2
Dodging        | 1 2 |  2.3
Short Blades   | 3 4 |  4.7

Action                   |  1- 3 |  4- 6 || total
-------------------------+-------+-------++-------
Melee: Rapier            |    82 |   176 ||   258
       Headbutt          |     9 |    31 ||    40
  Use: Scroll            |       |     4 ||     4
  Eat: Chunk             |     1 |     6 ||     7
Armor: Scale mail        |    32 |    53 ||    85
Dodge: Dodged            |    27 |    53 ||    80
Block: Shield            |    35 |    72 ||   107

Table legend:
 A = Spawn XP
 B = Non-spawn XP
 C = Spawn XP percentage of total XP
 D = Spawn monster count
 E = Non-spawn monster count
 F = Spawn count percentage of total count
 G = Total turns spent on level
                    A         B        C        D         E        F      G
               +---------+---------+-------+---------+---------+-------+---------
         Total |       0 |     652 |   0.0 |       0 |      78 |   0.0 |  3168
               +---------+---------+-------+---------+---------+-------+---------
           D:1 |       0 |      67 |   0.0 |       0 |      19 |   0.0 |  1440
           D:2 |       0 |     148 |   0.0 |       0 |      23 |   0.0 |   739
           D:3 |       0 |     187 |   0.0 |       0 |      17 |   0.0 |   469
           D:4 |       0 |     171 |   0.0 |       0 |       8 |   0.0 |   143
       Ossuary |       0 |      79 |   0.0 |       0 |      11 |   0.0 |   332
               +---------+---------+-------+---------+---------+-------+---------
